Map: Orbital Shipyard

Players

Crimson

  • Race: Terran Terran
  • League: Master

Annihilator - Winner!

  • Race: Protoss Protoss
  • League: Master

VOD

Have the link to the VOD?

Description

Time

  • Played on: Dec. 13, 2015, 10:10 p.m.
  • Length: 6:55
Show
View Real Time Build Order
Export as new Build Order

Crimson Terran 

Build Orders: Command Center First (CC), MMM Bio 

Get SALT Encoding   

  12  0:00  SCV  
  13  0:12  SCV  
  14  0:17  Supply Depot  
  14  0:24  SCV  
  15  0:39  SCV  
  16  0:51  SCV  
  17  0:59  Command Center  
  17  1:03  SCV  
  18  1:14  Barracks  
  18  1:15  SCV  
  19  1:27  Barracks  
  19  1:31  SCV  
  20  1:43  SCV  
  21  1:48  Barracks  
  21  1:55  SCV  
  21  2:01  Marine  
  23  2:08  Orbital Command  
  23  2:11  Orbital Command  
  23  2:14  Marine  
  24  2:24  Marine  
  25  2:32  Marine  
  25  2:34  SCV  
  27  2:37  Marine  
  27  2:40  SCV  
  27  2:42  Refinery, Marine  
  29  2:45  Refinery  
  29  2:46  SCV  
  29  2:50  Marine  
  31  2:52  SCV  
  31  2:55  Marine  
  33  2:59  Marine  
  33  3:01  SCV  
  33  3:04  SCV  
  36  3:08  Supply Depot  
  36  3:10  Marine  
  37  3:17  SCV, Refinery  
  37  3:18  Barracks Tech Lab  
  38  3:25  Supply Depot  
  38  3:29  SCV, Marine  
  38  3:32  Marine  
  41  3:38  Stimpack, Marauder  
  41  3:40  SCV  
  44  3:41  SCV  
  44  3:47  Marine  
  44  3:48  Engineering Bay  
  46  3:50  Supply Depot, Marine  
  47  3:57  Factory  
  47  3:59  Marine  
  48  4:03  SCV x2  
  51  4:18  Marauder  
  51  4:19  Supply Depot, SCV  
  51  4:20  SCV  
  51  4:22  Terran Infantry Weapons Level 1  
  54  4:26  Barracks Tech Lab  
  54  4:29  Refinery  
  54  4:30  Barracks Reactor  
  53  4:32  SCV x2  
  51  4:41  Marauder  
  53  4:45  Starport  
  53  4:46  Factory Reactor  
  53  4:49  Marauder  
  53  4:52  SCV x2  
  57  5:01  Marine  
  57  5:03  Supply Depot  
  58  5:07  Marine x2  
  58  5:09  SCV x2  
  58  5:10  Combat Shields, Marine  
  63  5:21  SCV  
  64  5:23  Bunker x2, Medivac  
  64  5:26  SCV  
  67  5:42  SCV x2  
  69  5:45  Widow Mine  
  69  5:46  Widow Mine  
  69  5:47  Marine  
  69  5:48  Marauder x2  
  78  5:52  Supply Depot, Marine  
  78  5:54  SCV  
  78  5:55  SCV  
  79  6:05  Marine  
  50  6:20  Marauder, Marine  
  50  6:22  Marauder  
  50  6:23  Marine  
Show
View Real Time Build Order
Export as new Build Order

Annihilator Protoss - Winner!

Build Orders: 1 Gate Expand 

Get SALT Encoding   

  12  0:01  Probe (Chrono Boost)  
  13  0:12  Probe (Chrono Boost)  
  14  0:19  Pylon  
  14  0:22  Probe (Chrono Boost)  
  15  0:37  Probe (Chrono Boost)  
  15  0:39  Gateway  
  16  0:47  Probe (Chrono Boost)  
  17  0:58  Probe (Chrono Boost)  
  18  1:08  Probe (Chrono Boost)  
  19  1:15  Nexus  
  19  1:19  Probe (Chrono Boost)  
  19  1:23  Assimilator  
  20  1:31  Cybernetics Core  
  20  1:34  Probe (Chrono Boost)  
  21  1:40  Assimilator  
  21  1:45  Probe (Chrono Boost)  
  22  1:49  Pylon  
  22  1:55  Probe (Chrono Boost)  
  23  2:07  Probe (Chrono Boost), Adept (Chrono Boost)  
  26  2:19  Probe  
  27  2:22  Robotics Facility  
  27  2:27  Probe  
  28  2:31  Probe (Chrono Boost)  
  28  2:33  Adept (Chrono Boost)  
  31  2:39  Probe (Chrono Boost)  
  33  2:46  Mothership Core (Chrono Boost)  
  33  2:48  Probe (Chrono Boost)  
  35  2:57  Adept (Chrono Boost)  
  35  3:00  Probe  
  38  3:06  Warp Gate (Chrono Boost)  
  38  3:07  Probe  
  38  3:10  Warp Prism  
  38  3:12  Probe  
  42  3:19  Probe  
  43  3:20  Adept  
  43  3:24  Probe  
  46  3:28  Pylon  
  46  3:44  Twilight Council  
  46  3:46  Probe x2, Immortal (Chrono Boost)  
  52  4:01  Gateway  
  52  4:02  Gateway  
  52  4:04  Gateway  
  52  4:12  Pylon  
  52  4:19  Gateway  
  52  4:20  Gateway  
  52  4:22  Resonating Glaives (Chrono Boost)  
  52  4:30  Immortal (Chrono Boost)  
  52  4:44  Gateway  
  52  4:48  Gateway  
  52  4:51  Gateway  
  52  5:03  Adept x2  
  52  5:04  Adept  
  52  5:05  Adept  
  60  5:08  Pylon  
  60  5:14  Pylon  
  60  5:25  Adept  
  60  5:26  Adept x2  
  60  5:27  Adept x2  
  70  5:31  Pylon  
  70  5:47  Adept x4  
  70  5:49  Adept x3  
  76  6:12  Adept x5  
  76  6:15  Adept x2  
  76  6:38  Adept x5  
Tags
 
Add a new tag
Caveats
  • Supply blocks, unpowered buildings, or Contaminate may cause inaccurate times.
  • Supply counts are checked every 10 seconds.